 Dungeon Crawl Stone Soup version 0.30-a0-358-g0d69a1922f (webtiles) character file.

Game seed: 10510102780532665396

1239 RascalDebosk the Trooper (level 8, -2/62 HPs)
             Began as a Djinni Venom Mage on Nov 9, 2022.
             Slain by an ice beast (10 damage)
             ... on level 4 of the Dungeon.
             The game lasted 00:29:12 (2430 turns).

RascalDebosk the Trooper (Djinni Venom Mage)        Turns: 2430, Time: 00:29:13

Health: -2/62      AC:  8    Str:  7    XL:     8   Next: 78%
Gold:   208        EV: 12    Int: 20    God:
                   SH:  0    Dex: 13

rFire   + + .      SeeInvis .    B - +0 scimitar
rCold   x . .      Faith    .    (no shield)
rNeg    . . .      Spirit   .    w - +2 robe {Will+}
rPois   ∞          Reflect  .    (no helmet)
rElec   .          Harm     .    (no cloak)
rCorr   .          Rampage  .    (no gloves)
Will    +....                    (boots unavailable)
Stlth   ++........               d - amulet of regeneration
HPRegen 1.10/turn                f - +4 ring of protection
MPRegen 0.00/turn                t - ring of wizardry

@: flying
A: sickness immunity, fire resistance 2, cold vulnerability 1, float, innate
caster, HP casting, extra vitality 1
a: no special abilities


You were on level 4 of the Dungeon.
You visited 1 branch of the dungeon, and saw 4 of its levels.

You collected 208 gold pieces.

Inventory:

Hand Weapons
 B - a +0 scimitar (weapon)
Missiles
 x - a throwing net {@!f}
Armour
 a - a +0 robe
 w - a +2 robe of willpower (worn)
Jewellery
 d - an amulet of regeneration (around neck)
 f - a +4 ring of protection (left hand)
 t - a ring of wizardry (right hand)
Scrolls
 b - 3 scrolls of immolation {unknown}
 c - a scroll of summoning {unknown}
 e - a scroll of vulnerability {unknown}
 k - 3 scrolls of teleportation {unknown}
 l - 3 scrolls of identify {unknown}
 n - a scroll of butterflies {unknown}
 q - 3 scrolls of poison {unknown}
 s - 3 scrolls of fear {unknown}
 v - a scroll of blinking {unknown}
 y - a scroll of amnesia {unknown}
 z - a scroll of noise {unknown}
Potions
 h - a potion of berserk rage {unknown}
 i - a potion of mutation {unknown}
 j - a potion of might {unknown}
 m - 3 potions of flight {unknown}
 o - a potion of degeneration {unknown}
 p - a potion of invisibility {unknown}
 r - a potion of attraction {unknown}
 u - a potion of curing {unknown}
 A - a potion of resistance {unknown}


   Skills:
 - Level 6.4 Fighting
 + Level 2.6 Dodging
 - Level 1.5 Stealth
 * Level 6.1 Spellcasting


You had 4 spell levels left.
You knew the following spells:

 Your Spells              Type           Power      Damage    Failure   Level
a - Sting                 Tmut/Pois      100%       1d8       1%          1
b - Poisonous Vapours     Pois/Air       60%        N/A       1%          2
c - Mephitic Cloud        Conj/Pois/Air  30%        N/A       1%          3
d - Olgreb's Toxic Radia  Pois           30%        N/A       3%          4
e - Slow                  Hex            100%       N/A       1%          1
f - Passwall              Tmut/Erth      25%        N/A       1%          2
g - Ensorcelled Hibernat  Hex/Ice        60%        N/A       1%          2
Your spell library was empty.

Dungeon Overview and Level Annotations

Branches:
Dungeon (4/15)
 Temple: D:4-7

Altars:
Elyvilon
Makhleb
Zin


Innate Abilities, Weirdness & Mutations

You are immune to sickness and miasma.
You are immune to poison.
Your flesh is very heat resistant. (rF++)
You are vulnerable to cold. (rC-)
You float through the air rather than walking.
You learn spells naturally, not from books.
Your magical power is your life essence.
You have superior vitality. (+4 MHP)


Message History

You slash the adder!
The adder is almost dead.
The adder closely misses you. The adder bites you.
You hit the adder.
You kill the adder!
You see here an adder corpse.
Found a scroll labelled INLAFU NEOPSI.
q - 3 scrolls labelled INLAFU NEOPSI (gained 1)
An adder comes into view.
Found 6 gold pieces.
The adder hisses angrily.
The adder completely misses you.
You barely miss the adder. The adder barely misses you.
Casting: Poisonous Vapours (safe; 1% risk of failure)
Confirm with . or Enter, or press ? or * to list all spells.
Aiming: Poisonous Vapours (safe; 1% risk of failure)
Press: ? - help, Dir - move target, f - adder
Aim: an adder Poisonous vapours surround the adder!
The adder is poisoned.
The adder misses you. The adder closely misses you.
Casting: Poisonous Vapours (safe; 1% risk of failure)
Confirm with . or Enter, or press ? or * to list all spells.
Aiming: Passwall (safe; 1% risk of failure)
Press: ? - help, Dir - move target, f - you, p - adder Please select a wall.
Okay, then.
Casting: Passwall (safe; 1% risk of failure)
Confirm with . or Enter, or press ? or * to list all spells.
Aiming: Ensorcelled Hibernation (safe; 1% risk of failure)
Press: ? - help, Shift-Dir - straight line, f/p - adder
Aim: an adder (lightly wounded, very poisoned, chance to affect: 68%)
The adder looks drowsy...
The helpless adder fails to defend itself.
You hit the adder.
The adder is heavily wounded.
The adder closely misses you. The adder bites you but does no damage.
You miss the adder.
The adder is severely wounded.
The adder misses you. The adder bites you but does no damage.
You hit the adder.
You kill the adder!
You now have 183 gold pieces (gained 6).
Found a ring mail.
You now have 192 gold pieces (gained 9).
Found a stone staircase leading down.
There is a stone staircase leading down here.
A worm comes into view.
Casting: Ensorcelled Hibernation (safe; 1% risk of failure)
Confirm with . or Enter, or press ? or * to list all spells.
Aiming: Poisonous Vapours (safe; 1% risk of failure)
Press: ? - help, Dir - move target, f - worm
Aim: a worm (asleep) Poisonous vapours surround the worm!
The worm is poisoned.
Casting: Poisonous Vapours (safe; 1% risk of failure)
Confirm with . or Enter, or press ? or * to list all spells.
Aiming: Poisonous Vapours (safe; 1% risk of failure)
Press: ? - help, Dir - move target, f/p - worm
Aim: a worm (very poisoned) Poisonous vapours surround the worm!
The worm looks as sick as possible!
You slash the worm!
You kill the worm!
You see here a worm corpse.
You now have 208 gold pieces (gained 16).
An ice beast comes into view.
Found a golden ring.
You see here a ring of see invisible.
You slash the ice beast!
The ice beast is heavily wounded.
The ice beast closely misses you.
You closely miss the ice beast.
The ice beast is moderately wounded.
The ice beast closely misses you.
You barely miss the ice beast.
The ice beast is moderately wounded.
The ice beast hits you but does no damage.
The ice beast misses you.
You closely miss the ice beast.
The ice beast is moderately wounded.
The ice beast barely misses you.
You completely miss the ice beast.
You punch the ice beast, but do no damage.
The ice beast is moderately wounded.
The ice beast hits you. The ice beast freezes you!
You feel a terrible chill! The ice beast hits you. The ice beast freezes you!!
You feel a terrible chill!
* * * LOW HITPOINT WARNING * * *
You completely miss the ice beast.
The ice beast is moderately wounded.
The ice beast hits you but does no damage.
You slash the ice beast!
The ice beast is severely wounded.
The ice beast hits you.
* * * LOW HITPOINT WARNING * * *
The ice beast freezes you!
You feel a terrible chill!
* * * LOW HITPOINT WARNING * * *
You closely miss the ice beast.
The ice beast is severely wounded.
The ice beast hits you.
* * * LOW HITPOINT WARNING * * *
The ice beast freezes you!
You feel a terrible chill!
You die...

#.# #.##..# #####.#
#.##..# #.....#
#.##..# #.#####
#.##..# #.# #.###.#
#.###########.###.#
#.................#
#############.#####
......Y@...#
############


You could see an ice beast.

Vanquished Creatures
  Pikel (D:4)
  Sigmund (D:3)
  A black bear (D:4)
  A phantom (D:4)
  2 scorpions (D:4)
  A hound (D:4)
  An orc priest (D:3)
  Jessica (D:3)
  An iguana (D:4)
  Terence (D:3)
  A hound zombie (D:3)
  8 gnolls (D:3)
  5 adders
  2 worms
  4 orcs (D:3)
  8 endoplasms
  2 giant cockroaches
  5 goblins
  5 hobgoblins
  9 jackals
  2 quokkas
  6 ball pythons
  A ball python zombie (D:3)
  4 bats
  4 frilled lizards
  8 kobolds
  2 quokka skeletons (D:3)
  7 rats
94 creatures vanquished.

Vanquished Creatures (others)
  3 withered plants (D:3)
3 creatures vanquished.

Grand Total: 97 creatures vanquished

Notes
Turn   | Place    | Note
-------+----------+-------------------------------------------
     0 | D:1      | RascalDebosk the Djinni Venom Mage began the quest for the
                  | Orb.
     0 | D:1      | RascalDebosk set off with the following spells memorised:
                  | Sting, Poisonous Vapours, Mephitic Cloud, Olgreb's Toxic
                  | Radiance.
     0 | D:1      | Reached XP level 1. HP: 15/15 MP: 0/0
    57 | D:1      | Reached XP level 2. HP: 11/21 MP: 0/0
   550 | D:1      | Reached XP level 3. HP: 25/25 MP: 0/0
   550 | D:1      | Learned a level 1 spell: Slow
  1022 | D:2      | Reached XP level 4. HP: 31/31 MP: 0/0
  1168 | D:3      | Found a burning altar of Makhleb.
  1168 | D:3      | Noticed a balrug
  1178 | D:3      | Found a glowing silver altar of Zin.
  1178 | D:3      | Noticed an angel
  1277 | D:3      | Noticed Terence
  1283 | D:3      | Killed Terence
  1299 | D:3      | Reached XP level 5. HP: 36/36 MP: 0/0
  1299 | D:3      | Learned a level 2 spell: Passwall
  1336 | D:3      | Reached skill level 1 in Fighting
  1541 | D:3      | Noticed Jessica
  1546 | D:3      | Killed Jessica
  1547 | D:3      | Reached XP level 6. HP: 40/43 MP: 0/0
  1567 | D:3      | Noticed Sigmund
  1575 | D:3      | Found a white marble altar of Elyvilon.
  1591 | D:3      | Killed Sigmund
  1592 | D:3      | Reached skill level 5 in Spellcasting
  1592 | D:3      | Reached XP level 7. HP: 49/49 MP: 0/0
  1592 | D:3      | Learned a level 2 spell: Ensorcelled Hibernation
  2044 | D:4      | Noticed Pikel
  2071 | D:4      | Killed Pikel
  2072 | D:4      | Reached XP level 8. HP: 50/62 MP: 0/0
  2430 | D:4      | Slain by an ice beast

Illustrated notes

Levels and vault maps discovered:
D:1:      doesnt_arrival_eight_statues, layout_rooms, serial_forest,
          infiniplex_forest_clump_small, infiniplex_forest_lined_room_3,
          infiniplex_forest_lined_4_way, infiniplex_forest_side_room,
          infiniplex_forest_lined_3, infiniplex_forest_split,
          infiniplex_forest_lined_corner
D:2:      layout_rooms, amcnicky_mini_corridor_feature
D:3:      layout_basic, mainiacjoe_overflow_catwalk,
          grunt_temple_overflow_order_and_chaos_2, serial_undead,
          serial_undead_a, serial_undead_b, serial_undead_c, serial_undead_d,
          uniq_jessica, uniq_terence, uniq_sigmund
D:4:      nicolae_BIG_FREAKIN_CUBE, layout_basic, fedhas_altar_2, uniq_pikel

Skill      XL: |  1  2  3  4  5  6  7 |
---------------+----------------------+-----
Spellcasting   | 3 4 5 6 |  6.1
Fighting       | 1 2 6 |  6.4
Dodging        | |  2.6
Stealth        | |  1.5

Action                   |  1- 3 |  4- 6 |  7- 9 || total
-------------------------+-------+-------+-------++-------
Melee: Long sword        |    40 |    70 |    21 ||   131
       Punch             |     1 |       |     2 ||     3
       Scimitar          |       |       |    48 ||    48
 Cast: Sting             |    47 |     4 |       ||    51
       Poisonous Vapours |    10 |    14 |    34 ||    58
       Slow              |       |     2 |       ||     2
       Olgreb's Toxic Ra |       |     5 |     2 ||     7
       Mephitic Cloud    |       |     3 |       ||     3
       Ensorcelled Hiber |       |       |     1 ||     1
 Stab: Sleeping          |     3 |       |     1 ||     4
Armor: Robe              |    20 |    37 |    36 ||    93
Dodge: Dodged            |    33 |    58 |    62 ||   153

Table legend: (Time is in decaauts)
 A = Elapsed time spent in this place.
 B = Non-inter-level travel time spent in this place.
 C = Inter-level travel time spent in this place.
 D = Time resting spent in this place.
 E = Time spent auto-exploring this place.
 F = Levels seen in this place.
 G = Mean time per level.
                   A        B        C        D        E       F      G
               +--------+--------+--------+--------+--------+-----+--------+
         Total |   2498 |   2498 |      0 |     62 |   1362 |   4 |  624.5 |
       Dungeon |   2498 |   2498 |      0 |     62 |   1362 |   4 |  624.5 |
               +--------+--------+--------+--------+--------+-----+--------+

Top non-repeatable levels by time:
     D:3: 655 daAuts
     D:4: 655 daAuts
     D:1: 653 daAuts
     D:2: 533 daAuts
